 Dungeon Crawl Stone Soup version 0.28.0 (webtiles) character file.

Game seed: 7006351882601641249

4 HallandMoats the Ruffian (level 1, 19/19 HPs)
             Began as a Ghoul Monk on Feb 7, 2022.
             Was a Believer of Sif Muna.
             Safely got out of the dungeon.
             The game lasted 00:00:18 (284 turns).

HallandMoats the Ruffian (Ghoul Monk)                Turns: 284, Time: 00:00:18

Health: 19/19      AC:  2    Str: 14    XL:     1   Next: 60%
Magic:  0/0        EV: 12    Int:  5    God:    Sif Muna [**....]
Gold:   25         SH:  0    Dex: 11    Spells: 0/0 levels left

rFire   . . .      SeeInvis .     - Unarmed
rCold   + . .      Faith    .   (no shield)
rNeg    + + +      Spirit   .   a - +0 robe
rPois   ∞          Reflect  .   (no helmet)
rElec   .          Harm     .   (no cloak)
rCorr   .          Rampage  .   (no gloves)
Will    .....                   (no boots)
Stlth   ++........              (no amulet)
HPRegen 0.06/turn               (no ring)
MPRegen 0.07/turn               (no ring)

@: no status effects
A: claws 1, cold resistance 1, negative energy resistance 3, inhibited
regeneration, torment resistance 2
a: Renounce Religion, Channel Magic


You escaped.
You worshipped Sif Muna.
Sif Muna was pleased with you.
You visited 1 branch of the dungeon, and saw 1 of its levels.

You collected 25 gold pieces.

Inventory:

Armour
 a - a +0 robe (worn)
 b - a +0 buckler
Scrolls
 c - a scroll of blinking {unknown}


   Skills:
 + Level 3.3 Fighting
 + Level 0.2 Armour
 + Level 2.7 Dodging
 - Level 2.1 Stealth
 + Level 3.3 Unarmed Combat


You couldn't memorise any spells.
You didn't know any spells.
Your spell library was empty.

Dungeon Overview and Level Annotations

Branches:
Dungeon (1/15)

Altars:
Sif Muna


Innate Abilities, Weirdness & Mutations

You thrive by killing the living.
You are immune to poison.
You have sharp fingernails.
Your flesh is cold resistant. (rC+)
You are immune to negative energy. (rN+++)
You do not regenerate when monsters are visible.
You are immune to unholy pain and torment.


Message History

You closely miss the rat.
The rat is heavily wounded.
The rat misses you.
You closely miss the rat.
The rat is heavily wounded.
The rat bites you.
You closely miss the rat.
The rat is heavily wounded.
The rat closely misses you.
You closely miss the rat.
The rat is heavily wounded.
The rat barely misses you.
You barely miss the rat.
The rat is heavily wounded.
The rat closely misses you.
You closely miss the rat.
The rat is heavily wounded.
The rat bites you but does no damage.
You claw the rat!
You kill the rat!
You feel better.
No target in view!
No target in view!
No target in view!
No target in view!
No target in view!
No target in view!
No target in view!
Search for what [? for help]? altar
There is a faded altar of an unknown god here.
You cannot tell which god this altar belongs to.
Convert to them anyway?
Sif Muna accepts your prayer! Sif Muna welcomes you!
You can now call upon Sif Muna for magical energy.
(D) Dungeon
Where to? (Enter - D:1 @ (x,y), ? - help)
What level of the Dungeon? (default 1, ? - help)
There is a staircase leading out of the dungeon here.
Are you sure you want to leave the Dungeon?
This will make you lose the game!
You have escaped!

#.##..####...##########...#
#.###>.....#.## #.........#
##.............###.####.##.#
#.......###..#..##.#.......#.#
###.#.####..#.#........).....#
######.#......#...#...........###
.......#.#####.....#####......#
.#####.#..#...........#...##.....
.# ####..#....@....#....# ..###
.# #..#.........#....# #.# .#
#..#...........#..... .# .#
#.#####.....#####.### ## .#
#......#...#......# .##
####.#..#.#...##### ..#
#..#..#..#.# #.# #..##...#..# #.#


There were no monsters in sight!

Vanquished Creatures
  A goblin (D:1)
  A kobold (D:1)
  A frilled lizard (D:1)
  A rat (D:1)
4 creatures vanquished.

Notes
Turn   | Place    | Note
-------+----------+-------------------------------------------
     0 | D:1      | HallandMoats the Ghoul Monk began the quest for the Orb.
     0 | D:1      | Reached XP level 1. HP: 19/19 MP: 0/0
   148 | D:1      | Found a faded altar of an unknown god.
   261 | D:1      | Prayed at the altar of an unknown god.
   261 | D:1      | Became a worshipper of Sif Muna the Loreminder
   261 | D:1      | Reached * piety under Sif Muna
   261 | D:1      | Reached ** piety under Sif Muna
   284 | D:$      | Safely got out of the dungeon.

Illustrated notes

Levels and vault maps discovered:
D:1:      scummos_arrival_star, layout_basic, hellmonk_ecumenical_altar_run_dry,
          glass_columns_c

Action                   || total
-------------------------++-------
Melee: Unarmed           ||    16
 Stab: Sleeping          ||     2
Armor: Robe              ||     1
Dodge: Dodged            ||     9
